 Dungeon Crawl Stone Soup version 0.18.1-50-g88ac8fd (webtiles) character file.

130 dvd the Shooter (level 5, 0/42 HPs)
             Began as a Ghoul Hunter on Oct 23, 2016.
             Slain by an orc wizard
             ... wielding a +0 dagger
              (1 damage)
             ... on level 3 of the Dungeon.
             The game lasted 00:09:09 (2480 turns).

dvd the Shooter (Ghoul Hunter)                      Turns: 2480, Time: 00:09:10

Health: 0/42       AC:  5    Str: 16    XL:     5   Next: 13%
Magic:  4/4        EV: 11    Int:  6    God:
Gold:   63         SH:  0    Dex: 10    Spells: 0 memorised, 4 levels left

rFire  . . .     SeeInvis .     b - +0 mace
rCold  + . .     Gourm    .     g - +0 ring mail
rNeg   + + +     Faith    .     (no shield)
rPois  ∞         Spirit   .     (no helmet)
rElec  .         Dismiss  +     (no cloak)
rCorr  .         Reflect  .     (no gloves)
SustAt .         Harm     .     (no boots)
MR     .....                    s - amulet of dismissal
Stlth  +.........               (no ring)
                                (no ring)

@: rotting, not resistant to hostile enchantments, very unstealthy
A: rotting body, claws 1, carnivore 3, cold resistance 1, negative energy
resistance 3, slow regeneration 1, torment resistance, unbreathing
a: no special abilities


You were on level 3 of the Dungeon.
You were not hungry.

You visited 1 branch of the dungeon, and saw 3 of its levels.

You collected 63 gold pieces.

Inventory:

Hand Weapons
 a - a +1 shortbow
 b - a +0 mace (weapon)
 k - a +0 club
 p - a +0 short sword
Missiles
 d - 46 arrows
 B - 7 tomahawks (quivered)
Armour
 c - a +0 leather armour
 g - a +0 ring mail (worn)
 j - a +0 shield
 w - a +0 scale mail
 y - a +0 chain mail
Jewellery
 n - an uncursed amulet of regeneration
 s - an amulet of dismissal (around neck)
Scrolls
 h - 2 scrolls of blinking {unknown}
 i - 3 scrolls of remove curse {unknown}
 l - 4 scrolls of identify {unknown}
 m - a scroll of enchant weapon {unknown}
 r - a scroll of fog {unknown}
 A - a scroll of enchant armour {unknown}
Potions
 e - a potion of agility
 o - a potion of ambrosia {unknown}
 q - a potion of curing
 t - a potion of flight {unknown}
 u - a potion of might {unknown}
 x - a potion of degeneration {unknown}
Comestibles
 f - 2 meat rations
 v - a beef jerky
 z - a royal jelly
 C - 2 chunks of flesh
 D - a slice of pizza


   Skills:
 + Level 2.5 Fighting
 + Level 1.0 Maces & Flails
 + Level 4.9 Bows
 + Level 1.4 Armour
 + Level 2.2 Dodging
 + Level 1.1 Stealth


You had 4 spell levels left.
You didn't know any spells.

Dungeon Overview and Level Annotations

Branches:
Dungeon (3/15)

Altars:
Makhleb

Annotations:
D:3 Terence


Innate Abilities, Weirdness & Mutations

Your body is rotting away.
You thrive on raw meat.
You are immune to poison.
You have sharp fingernails.
You are carnivorous and can eat meat at any time.
Your flesh is cold resistant.
You are immune to negative energy.
You regenerate slowly when monsters are visible.
You are immune to unholy pain and torment.
You can survive without breathing.


Message History

The orc wizard gestures wildly while chanting.
The orc wizard flickers and vanishes!
Deactivating autopickup; reactivate with Ctrl-A.
Something hits you.
* * * LOW HITPOINT WARNING * * *
Drink which item? (? for menu, Esc to quit)
It was a potion of curing.
You feel better. Something hits you.
* * * LOW HITPOINT WARNING * * *
Unknown command.
You hear some strange, mumbled words.
A puff of frost appears from out of thin air!
The puff of frost hits you! You resist.
* * * LOW HITPOINT WARNING * * *
You hear some strange, mumbled words.
A puff of flame appears from out of thin air!
The puff of flame hits you!
* * * LOW HITPOINT WARNING * * *
Terence shouts, "Now you die!" Something hits you.
You die...

###############
#.............# .......
#.......<.....# ......#
#.............# ......##
####.g.@.........# .......#
#@oo.............# .
..@....###g##...####.###### ..
.o.....##..##...# #..# ...
.......#g.###...# ##.####....
.......).## #########.........
.........######...............
..)....#..#.......####)####...
#.#....##.....## #.## #####


You could see Terence, 2 orcs and 2 goblins.

Vanquished Creatures
  4 gnolls
  4 adders (D:2)
  3 dart slugs
  2 worms
  2 giant geckos
  5 bats
  A giant cockroach (D:3)
  4 goblins
  8 hobgoblins
  3 kobolds (D:2)
  2 giant newts (D:2)
  6 rats
44 creatures vanquished.

Notes
Turn   | Place    | Note
--------------------------------------------------------------
     0 | D:1      | dvd the Ghoul Hunter began the quest for the Orb.
     0 | D:1      | Reached XP level 1. HP: 17/17 MP: 0/0
   694 | D:2      | Reached XP level 2. HP: 23/23 MP: 1/1
   740 | D:2      | Reached skill level 4 in Bows
   803 | D:2      | Found a burning altar of Makhleb.
   899 | D:2      | Reached XP level 3. HP: 29/29 MP: 2/2
  1579 | D:2      | Reached XP level 4. HP: 32/36 MP: 3/3
  2030 | D:2      | Reached skill level 1 in Armour
  2348 | D:3      | Noticed Terence
  2368 | D:3      | Reached XP level 5. HP: 16/42 MP: 4/4
  2430 | D:3      | Reached skill level 1 in Maces & Flails
  2478 | D:3      | HP: 1/42 [something/puff of flame (4)]
  2480 | D:3      | Slain by an orc wizard

Skill      XL: |  1  2  3  4  5 |
---------------+----------------+-----
Bows           | 4 |  4.9
Dodging        | 2 |  2.2
Armour         | 1 |  1.4
Maces & Flails | 1 |  1.0
Fighting       | |  2.5
Stealth        | |  1.1

Action                   |  1- 3 |  4- 6 || total
-------------------------+-------+-------++-------
Melee: Mace              |    45 |    65 ||   110
 Fire: Shortbow          |    67 |    29 ||    96
  Use: Potion            |       |     1 ||     1
  Eat: Chunk             |    15 |     5 ||    20
Armor: Ring mail         |    33 |    25 ||    58
Dodge: Dodged            |    37 |    56 ||    93
